 Dungeon Crawl Stone Soup version 0.17-a0-1900-g45e8110 (webtiles) character file.

503 derrpe the Cudgeler (level 7, -2/67 HPs)
             Began as an Ogre Fire Elementalist on Sept 24, 2015.
             Was an Initiate of Vehumet.
             Slain by an orc priest
             ... wielding a +0 flail
              (5 damage)
             ... on level 4 of the Dungeon.
             The game lasted 00:10:16 (5631 turns).

derrpe the Cudgeler (Ogre Fire Elementalist)        Turns: 5631, Time: 00:10:16

Health: -2/67      AC:  3    Str: 19    XL:     7   Next: 17%
Magic:  1/10       EV: 10    Int: 16    God:    Vehumet [......]
Gold:   173        SH:  0    Dex: 10    Spells: 2 memorised, 6 levels left

rFire  . . .     SeeInvis .     d - +0 club
rCold  . . .     Clarity  .     a - +0 robe
rNeg   . . .     SustAt   .     (no shield)
rPois  .         Gourm    .     (helmet restricted)
rElec  .         Spirit   .     (no cloak)
rCorr  .         Warding  .     (gloves unavailable)
rMut   .         Stasis   .     (boots unavailable)
MR     .....                    (no amulet)
Stlth  +.........               (no ring)
                                (no ring)

@: mighty, very slightly contaminated, slowed, very slow, not resistant to
hostile enchantments, very unstealthy
A: unfitting armour, tough skin 1
a: Renounce Religion


You were on level 4 of the Dungeon.
You worshipped Vehumet.
Vehumet was noncommittal.
You were not hungry.

You visited 2 branches of the dungeon, and saw 5 of its levels.
You also visited: Sewer.

You collected 173 gold pieces.

Inventory:

Hand weapons
 d - a +0 club (weapon)
Armour
 a - a +0 robe (worn)
Scrolls
 h - a scroll of recharging
 k - 3 scrolls of blinking {unknown}
 m - 2 scrolls of remove curse
 n - a scroll of magic mapping {unknown}
 o - 3 scrolls of teleportation {unknown}
 p - 2 scrolls of fog {unknown}
 q - 2 scrolls of identify {unknown}
 t - 2 scrolls of fear {unknown}
Potions
 e - a potion of cure mutation
 f - a potion of might
 g - a potion of resistance {unknown}
 i - 2 potions of agility {unknown}
 j - 5 potions of curing {unknown}
 l - a potion of invisibility {unknown}
 r - 3 potions of heal wounds {unknown}
 s - a potion of haste {unknown}
Books
 b - a book of Flames

   Spells                             Type                      Level
   a - Flame Tongue                   Conjuration/Fire             1
   b - Throw Flame                    Conjuration/Fire             2
   c - Conjure Flame                  Conjuration/Fire             3
   d - Inner Flame                    Hexes/Fire                   3
   e - Sticky Flame                   Conjuration/Fire             4
   f - Fireball                       Conjuration/Fire             5
Comestibles
 c - a bread ration {@e1}
 u - 3 fruits


   Skills:
 + Level 3.4 Fighting
 + Level 4.0 Maces & Flails
 - Level 1.7 Dodging
 - Level 1.5 Stealth
 - Level 2.4 Spellcasting
 * Level 3.1 Conjurations
 * Level 3.7 Fire Magic


You had 6 spell levels left.
You knew the following spells:

 Your Spells              Type           Power        Failure   Level  Hunger
a - Flame Tongue          Conj/Fire      ##...        6%          1    #......
b - Conjure Flame         Conj/Fire      ##......     14%         3    ###....


Dungeon Overview and Level Annotations

Branches:
Dungeon (4/15)             Temple (1/1) D:4

Altars:
Ashenzari
Dithmenos
Elyvilon
Kikubaaqudgha
Makhleb
Nemelex Xobeh
Okawaru
Ru
Sif Muna
Trog
Vehumet
Xom
Zin


Innate Abilities, Weirdness & Mutations

You are too large for most types of armour.
You have tough skin (AC +1).


Message History

It was a potion of cure mutation.
It has a very clean taste.
The orc barely misses you. The orc hits you with a dagger.
* * * LOW HITPOINT WARNING * * *
The orc priest hits you with a flail.
* * * LOW HITPOINT WARNING * * *
Drink which item? (? for menu, Esc to quit)
It was a potion of might.
You feel very mighty all of a sudden. The orc closely misses you.
The orc priest mumbles some strange prayers to Beogh against you.
Something smites you!
* * * LOW HITPOINT WARNING * * *
You sock the orc priest!
The orc priest is moderately wounded.
The orc hits you but does no damage. The orc priest barely misses you.
The orc barely misses you.
You sock the orc priest!
The orc priest is almost dead.
The orc priest hits you with a flail.
You die...

##### ##...## ##.....##
#.......# #.......#
#....<.>#########
##..............########
#...........o##....(o..###
#....<......)@########...#
#)...........o# ###...o..
##............# .o...
##...[.......# ...#
##..........####### ..#
##................ .#
##..(.....#######. #
#..........# #..........#
#


You could see an orc priest and an orc.

Vanquished Creatures
  Sigmund (D:3)
  An oklob sapling (D:4)
  Jessica (D:3)
  Natasha (thrice) (D:3)
  2 orc wizards (D:4)
  9 adders
  4 oozes
  7 worms
  4 giant geckos
  3 orcs
  5 giant cockroaches
  7 goblins
  4 hobgoblins
  13 kobolds
  2 quokkas
  A ball python (Sewer)
  7 bats
  3 giant newts
  10 rats
  A plant (D:4)
88 creatures vanquished.

Notes
Turn   | Place    | Note
--------------------------------------------------------------
     0 | D:1      | derrpe the Ogre Fire Elementalist began the quest for the Orb.
     0 | D:1      | Reached XP level 1. HP: 16/16 MP: 3/3
   163 | D:1      | Reached skill level 1 in Conjurations
   204 | D:1      | Reached XP level 2. HP: 24/24 MP: 1/5
  1402 | D:2      | Reached skill level 1 in Fighting
  1402 | D:2      | Reached XP level 3. HP: 26/33 MP: 0/6
  1460 | D:2      | Found a sparkling altar of Nemelex Xobeh.
  1507 | D:2      | Found a faded altar to an unknown god.
  1590 | D:2      | Reached skill level 1 in Maces & Flails
  2373 | D:2      | Reached XP level 4. HP: 42/42 MP: 5/7
  2520 | D:2      | Learned a level 3 spell: Conjure Flame
  2650 | D:3      | Found a glowing drain.
  2715 | Sewer    | Entered a sewer
  3178 | Sewer    | Reached XP level 5. HP: 49/49 MP: 5/8
  3421 | Sewer    | Reached skill level 3 in Maces & Flails
  3549 | D:3      | Noticed Jessica
  3805 | D:3      | Noticed Sigmund
  3881 | D:3      | Killed Sigmund
  3881 | D:3      | Reached XP level 6. HP: 55/61 MP: 0/9
  4064 | D:3      | Killed Jessica
  4262 | D:3      | Noticed Natasha
  4267 | D:3      | Killed Natasha
  4396 | D:4      | Found a staircase to the Ecumenical Temple.
  4493 | D:3      | Noticed Natasha
  4498 | D:3      | Killed Natasha
  4498 | D:3      | Reached skill level 4 in Maces & Flails
  4533 | D:3      | Noticed Natasha
  4540 | D:3      | Killed Natasha
  4998 | Temple   | Entered the Ecumenical Temple
  5287 | Temple   | Became a worshipper of Vehumet
  5417 | D:4      | Reached XP level 7. HP: 29/67 MP: 0/10
  5629 | D:4      | HP: 2/67 [orc priest/divine providence (9)]
  5631 | D:4      | Slain by an orc priest

Vault maps used:
D:1:      minmay_arrival_plants_in_alcoves
D:2:      lemuel_crystal_altar, ecumenical_altar_1
D:3:      gup_sewer_entry_bubbles, nrook_uturn, uniq_jessica, uniq_natasha,
          uniq_sigmund
D:4:      lemuel_round_altar, lemuel_crystal_altar,
          lemuel_coloured_pillars_altar, minmay_temple_entry_oklob, uniq_pikel,
          uniq_robin
Temple:   eino_temple_water_12
Sewer:    sewer_co_15_rooms

Action                   |  1- 3 |  4- 6 |  7- 9 || total
-------------------------+-------+-------+-------++-------
Melee: Club              |    33 |   208 |     2 ||   243
 Cast: Flame Tongue      |    68 |   129 |    11 ||   208
  Use: Scroll            |       |     2 |       ||     2
       Potion            |       |       |     2 ||     2
  Eat: Chunk             |     4 |    11 |       ||    15
       Meat ration       |       |     1 |       ||     1
       Beef jerky        |       |     1 |       ||     1
